Map: Acid Plant LE

Players

Has

  • Race: Protoss Protoss
  • League: Master
  • Spawn Location: 5:00

HeroMarine - Winner!

  • Race: Terran Terran
  • Spawn Location: 11:00

Event: WCS Austin 2018

VOD

Have the link to the VOD?

Description

Time

  • Played on: June 1, 2018, 11:32 p.m.
  • Length: 7:55

All games in this series

Show
View Real Time Build Order
Export as new Build Order

Has Protoss 

Build Orders:  

Get SALT Encoding   

  13  0:10  Pylon  
  13  0:12  Probe  
  13  0:24  Probe  
  14  0:30  Gateway  
  14  0:36  Probe  
  15  0:48  Probe  
  16  0:50  Assimilator  
  16  1:00  Probe  
  16  1:02  Assimilator  
  17  1:12  Probe  
  17  1:17  Cybernetics Core  
  18  1:22  Pylon  
  18  1:25  Probe  
  19  1:37  Probe  
  20  1:45  Adept  
  20  1:49  Probe  
  23  2:00  Robotics Facility  
  24  2:10  Pylon  
  24  2:11  Stalker  
  25  2:18  Shield Battery  
  25  2:30  Shield Battery  
  25  2:32  Shield Battery  
  25  2:35  Pylon  
  25  2:37  Immortal  
  28  2:55  Warp Gate  
  26  3:00  Probe  
  27  3:05  Stalker  
  27  3:08  Pylon  
  30  3:26  Pylon  
  29  3:28  Pylon  
  29  3:30  Probe  
  30  3:38  Observer  
  30  3:39  Stalker  
  31  3:42  Probe  
  35  3:55  Gateway  
  35  4:00  Observer  
  35  4:04  Probe  
  35  4:05  Shield Battery  
  36  4:15  Gateway  
  36  4:16  Probe  
  37  4:21  Warp Prism  
  39  4:39  Probe  
  41  5:05  Stalker x2  
  44  5:10  Pylon  
  44  5:17  Pylon  
  44  5:29  Nexus, Probe  
  44  5:35  Sentry x3  
  52  5:47  Twilight Council  
  51  5:51  Forge  
  51  5:52  Probe  
  48  6:14  Stalker x2  
  48  6:15  Stalker  
  54  6:24  Shield Battery  
  50  6:42  Stalker x2  
  54  6:52  Pylon  
  54  6:53  Pylon  
  53  7:03  Pylon  
  51  7:16  Zealot x3  
  45  7:33  Dark Shrine  
  45  7:41  Zealot  
  45  7:43  Zealot  
Show
View Real Time Build Order
Export as new Build Order

HeroMarine Terran - Winner!

Build Orders:  

Get SALT Encoding   

  12  0:00  SCV  
  13  0:12  SCV  
  14  0:17  Supply Depot  
  14  0:24  SCV  
  15  0:29  Refinery  
  15  0:38  SCV  
  16  0:44  Barracks  
  16  0:51  SCV  
  17  1:03  SCV  
  18  1:15  SCV  
  19  1:30  Marine  
  19  1:31  Orbital Command  
  19  1:32  Factory  
  20  1:41  Supply Depot  
  20  1:48  Marine  
  21  1:56  SCV  
  22  2:06  Marine  
  22  2:08  SCV  
  24  2:16  Hellion  
  24  2:20  SCV  
  27  2:24  Marine  
  27  2:25  Bunker  
  28  2:32  SCV  
  29  2:40  Factory Tech Lab  
  29  2:41  Marine  
  30  2:44  SCV  
  30  2:56  SCV  
  31  3:04  Marine, Siege Tank  
  31  3:05  Refinery  
  35  3:09  SCV  
  36  3:15  Barracks  
  35  3:21  SCV  
  35  3:22  Marine  
  35  3:30  Barracks  
  36  3:36  Siege Tank  
  36  3:40  Supply Depot  
  39  3:42  Marine  
  39  3:45  Engineering Bay  
  39  3:52  Starport  
  39  4:02  Marine  
  40  4:03  Barracks Tech Lab  
  40  4:06  Supply Depot  
  40  4:15  Siege Tank  
  43  4:19  Marine  
  43  4:21  Marine  
  45  4:26  Marine  
  46  4:33  Viking  
  46  4:37  Supply Depot  
  48  4:41  Marine  
  48  4:42  Marine  
  50  4:46  Marine  
  51  4:58  Marine, Siege Tank  
  55  5:00  Marine  
  56  5:12  Stimpack  
  56  5:18  Marine x2  
  56  5:20  Marine  
  59  5:30  Medivac  
  61  5:36  Marine x2  
  61  5:37  Supply Depot  
  61  5:39  Supply Depot  
  63  5:45  Missile Turret  
  63  5:51  Terran Infantry Weapons Level 1, Marine  
  63  5:54  Marine  
  63  5:58  Marine  
  63  6:04  Siege Tank  
  60  6:12  Marine x2  
  62  6:19  Medivac  
  62  6:20  Marine  
  65  6:30  Marine  
  65  6:31  Marauder  
  68  6:44  Marine  
  69  6:47  Marine, Siege Tank  
  69  6:52  Marine  
  74  7:06  Command Center  
  70  7:16  Marine x3  
  70  7:33  Marine  
  70  7:34  Marine x2  
Tags
 
Add a new tag
Caveats
  • Supply blocks, unpowered buildings, or Contaminate may cause inaccurate times.
  • Supply counts are checked every 10 seconds.